 Dungeon Crawl Stone Soup version 0.27.1-1-g398f81649c (webtiles) character file.

Game seed: 3611371289842186343

211 Squid the Conjurer (level 5, -1/39 HPs)
             Began as a Draconian Conjurer on Sept 14, 2021.
             Was a Believer of Nemelex Xobeh.
             Succumbed to a water moccasin's poison
             ... on level 5 of the Dungeon.
             The game lasted 00:17:35 (3159 turns).

Squid the Conjurer (Draconian Conjurer)             Turns: 3159, Time: 00:17:36

Health: -1/39      AC:  5    Str:  9    XL:     5   Next: 57%
Magic:  3/9        EV: 12    Int: 25    God:    Nemelex Xobeh [**....]
Gold:   45         SH:  0    Dex: 10    Spells: 2/10 levels left

rFire    . . .     SeeInvis .   n - +0 rapier
rCold    . . .     Faith    .   (no shield)
rNeg     . . .     Spirit   .   (armour unavailable)
rPois    .         Reflect  .   (helmet restricted)
rElec    .         Harm     .   (no cloak)
rCorr    .         Rampage  .   (no gloves)
Will     .....                  (no boots)
Stlth    ++........             (no amulet)
HPRegen  0.13/turn              c - +6 ring of intelligence
MPRegen  0.11/turn              (no ring)

@: lethally poisoned (-1 -> -10)
A: AC +5, unfitting armour, cold-blooded
a: Renounce Religion, Draw Escape, Draw Destruction, Draw Summoning


You were on level 5 of the Dungeon.
You worshipped Nemelex Xobeh.
Nemelex Xobeh was pleased with you.
You visited 1 branch of the dungeon, and saw 4 of its levels.

You collected 95 gold pieces.
You spent 50 gold pieces at shops.

Inventory:

Hand Weapons
 a - a +0 spear
 b - a +0 whip
 e - a +0 short sword
 i - a +0 flail
 l - a +0 hunting sling of flaming
 m - a +0 short sword
 n - a +0 rapier (weapon)
Armour
 f - a +2 helmet
 j - the +1 robe of Qeliwuno {rC+}
   (You found it on level 4 of the Dungeon)

   rC:        It protects you from cold.
Jewellery
 c - a +6 ring of intelligence (left hand)
 h - a ring of willpower
Scrolls
 d - 2 scrolls of identify
Potions
 g - 2 potions of cancellation {unknown}


   Skills:
 + Level 0.4 Fighting
 + Level 0.5 Short Blades
 + Level 3.0 Dodging
 + Level 2.2 Stealth
 + Level 3.1 Spellcasting
 + Level 5.1 Conjurations
 + Level 1.2 Translocations


You had 2 spell levels left.
You knew the following spells:

 Your Spells              Type           Power      Damage    Failure   Level
a - Magic Dart            Conj           100%       1d8       1%          1
b - Searing Ray           Conj           58%        3d5       1%          2
c - Blink                 Tloc           N/A        N/A       9%          2
d - Dazzling Flash        Conj/Hex       32%        N/A       11%         3

Your spell library contained the following spells:

 Spells                   Type           Power      Damage    Failure   Level
 Lesser Beckoning         Tloc           5%         N/A       19%         3
 Iskenderun's Mystic Bla  Conj/Tloc      19%        2d6       26%         4
 Fulminant Prism          Conj/Hex       8%         3d7       34%         4
 Manifold Assault         Tloc           10%        N/A       86%         5


Dungeon Overview and Level Annotations

Branches:
Dungeon (5/15)
 Temple: D:4-7

Altars:
Nemelex Xobeh

Shops:
D:4 *!?


Innate Abilities, Weirdness & Mutations

Your plain brown scales are hard. (AC +5)
You cannot fit into any form of body armour.
You are cold-blooded and may be slowed by cold attacks.


Message History

The water moccasin poisons you! The water moccasin bites you.
* * * LOW HITPOINT WARNING * * *
* * * LOW HITPOINT WARNING * * *
You feel very sick.
* * * LOW HITPOINT WARNING * * *
You feel very sick.
You feel much better.
You feel very sick. The water moccasin bites you!
The water moccasin bites you but does no damage.
Press: ? - help, v - describe, . - travel The floor, spattered with blood.
You feel sick.
You feel sick.
You feel sick. The water moccasin closely misses you.
There is a stone staircase leading down here.
You feel sick. The water moccasin misses you.
You climb downwards.
You hear the sound of rushing water.
There is an entrance to a sewer on this level.
Hurry and find it before the portal rusts away!
You feel sick.
The orc shouts!
Found a short sword.
There is a stone staircase leading up here.
You feel sick. The water moccasin closely misses you.
The orc closely misses you. The water moccasin misses you.
The necrophage closely misses you.
You climb upwards.
You feel sick.
There is a stone staircase leading down here.
You feel sick.
You are no longer poisoned.
The water moccasin bites you!
* * * LOW HITPOINT WARNING * * *
You are lethally poisoned!
The water moccasin poisons you! The necrophage barely misses you.
You climb downwards.
You hear the sound of rushing water.
There is an entrance to a sewer on this level.
Hurry and find it before the portal rusts away!
You die...
Your body disappears without a glow.

######
#....#
#....#
#n@..#
#..S.#
......#
###....#
#....#
..####
.# ##


You could see a water moccasin and a necrophage.

Vanquished Creatures
  A centaur skeleton (D:4)
  3 hounds (D:4)
  3 adders (D:4)
  A dart slug (D:1)
  3 orcs (D:4)
  8 ball pythons
  3 endoplasms
  A giant cockroach (D:1)
  8 goblins
  8 hobgoblins
  3 jackals (D:1)
  4 kobolds
  A quokka (D:1)
  A bat (D:1)
  3 frilled lizards
  3 rats (D:1)
54 creatures vanquished.

Vanquished Creatures (collateral kills)
  Robin (D:4)
  3 goblins (D:4)
4 creatures vanquished.

Vanquished Creatures (others)
  2 fungi (D:2)
  A plant (D:2)
3 creatures vanquished.

Grand Total: 61 creatures vanquished

Notes
Turn   | Place    | Note
-------+----------+-------------------------------------------
     0 | D:1      | Squid the Draconian Conjurer began the quest for the Orb.
     0 | D:1      | Reached XP level 1. HP: 14/14 MP: 3/3
   130 | D:1      | Reached XP level 2. HP: 2/20 MP: 0/5
  1152 | D:1      | Reached XP level 3. HP: 26/26 MP: 3/6
  1504 | D:2      | Found a faded altar of an unknown god.
  1533 | D:2      | Became a worshipper of Nemelex Xobeh the Trickster
  1533 | D:2      | Reached * piety under Nemelex Xobeh
  1533 | D:2      | Received a gift from Nemelex Xobeh
  1547 | D:2      | Learned a level 2 spell: Searing Ray
  1550 | D:2      | Learned a level 2 spell: Blink
  1731 | D:2      | You fall into a shaft and drop 2 floors!
  1731 | D:4      | Identified the +2 helmet of Toogupn {Str+3}
  1731 | D:4      | Noticed Robin
  1743 | D:4      | Killed Robin
  1754 | D:4      | Identified the +1 robe of Qeliwuno {rC+}
  2405 | D:4      | Reached XP level 4. HP: 33/33 MP: 4/7
  2560 | D:4      | Reached skill level 5 in Conjurations
  2639 | D:4      | Reached XP level 5. HP: 38/38 MP: 5/9
  2739 | D:4      | Reached skill level 1 in Translocations
  2840 | D:4      | Found Qirrun's Distillery.
  2866 | D:4      | Bought a potion of heal wounds for 50 gold pieces
  2866 | D:4      | Found Raluefonwi's Magic Scroll Shop.
  2983 | D:4      | Learned a level 3 spell: Dazzling Flash
  3123 | D:4      | Reached ** piety under Nemelex Xobeh
  3135 | D:4      | Found Bosen's Serpentskin Sales.
  3135 | D:4      | Noticed a water moccasin
  3155 | D:5      | Entered Level 5 of the Dungeon
  3155 | D:5      | Noticed a necrophage
  3159 | D:5      | Succumbed to a water moccasin's poison

Illustrated notes

Levels and vault maps discovered:
D:1:      zaba_arrival_water, layout_basic
D:2:      layout_loops_ring, dreamdust_ecumenical_altar_grove
D:4:      layout_basic, serial_shops, shop, shop, kennysheep_mini,
          grunt_ministairs_7, guppyfry_shop_venom, uniq_robin
D:5:      layout_rooms, nicolae_uskayaw_suspiria, lightli_sewer_entry_pipes

Skill      XL: |  1  2  3  4  5 |
---------------+----------------+-----
Dodging        | 2 3 |  3.0
Stealth        | 2 |  2.2
Conjurations   | 5 |  5.1
Spellcasting   | 3 |  3.1
Translocations | 1 |  1.2
Fighting       | |  0.4
Short Blades   | |  0.5

Action                   |  1- 3 |  4- 6 || total
-------------------------+-------+-------++-------
Melee: Unarmed           |     9 |       ||     9
       Short sword       |    33 |     4 ||    37
       Tailslap          |     3 |     1 ||     4
       Hunting sling     |       |     5 ||     5
       Rapier            |       |     6 ||     6
 Cast: Magic Dart        |    42 |    15 ||    57
       Searing Ray       |     6 |     4 ||    10
       Blink             |     6 |     1 ||     7
Invok: Draw Escape       |     1 |       ||     1
       Draw Destruction  |     1 |       ||     1
       Draw Summoning    |     1 |       ||     1
  Use: Scroll            |     2 |     2 ||     4
       Potion            |     3 |     2 ||     5
Armor: Skin              |    29 |    10 ||    39
Dodge: Dodged            |    70 |    31 ||   101
